 Dungeon Crawl Stone Soup version 0.28-a0-1613-gdaab1c2f9b (webtiles) character file.

Game seed: 12979374189430293355

1184 ragingrage the Chopper (level 8, -2/45 HPs)
             Began as a Gargoyle Artificer on Jan 22, 2022.
             Slain by an ogre (14 damage)
             ... on level 5 of the Dungeon.
             The game lasted 00:06:14 (4788 turns).

ragingrage the Chopper (Gargoyle Artificer)         Turns: 4788, Time: 00:06:14

Health: -2/45      AC: 15    Str: 18    XL:     8   Next: 42%
Magic:  8/8        EV:  7    Int: 12    God:
Gold:   139        SH:  0    Dex: 10    Spells: 7/7 levels left

rFire   . . .      SeeInvis .   a - +0 war axe
rCold   . . .      Faith    .   (no shield)
rNeg    + . .      Spirit   .   l - +0 chain mail
rPois   ∞          Reflect  .   (no helmet)
rElec   +          Harm     .   (no cloak)
rCorr   .          Rampage  .   p - +0 pair of gloves
Will    .....                   (no boots)
Stlth   ..........              (no amulet)
HPRegen 0.15/turn               (no ring)
MPRegen 0.11/turn               (no ring)

@: no status effects
A: sickness immunity, AC +5, negative energy resistance 1, electricity
resistance, torment resistance 1, petrification resistance
a: no special abilities


You were on level 5 of the Dungeon.
You visited 1 branch of the dungeon, and saw 5 of its levels.

You collected 139 gold pieces.

Inventory:

Hand Weapons
 a - a +0 war axe (weapon)
 b - a +0 shortbow
 g - a +0 hunting sling
Missiles
 h - 36 arrows
Armour
 l - a +0 chain mail (worn)
 p - a +0 pair of gloves (worn)
Wands
 c - a wand of flame (5) (quivered)
 d - a wand of charming (13)
 r - a wand of iceblast (2)
Scrolls
 i - a scroll of identify
 q - a scroll of immolation {unknown}
Potions
 f - a potion of invisibility
Miscellaneous
 e - a piece from Xom's chessboard (15/15)


   Skills:
 - Level 2.7 Fighting
 * Level 7.5 Axes
 - Level 2.1 Armour
 - Level 0.7 Dodging
 - Level 1.1 Stealth
 - Level 5.0 Evocations


You had 7 spell levels left.
You didn't know any spells.
Your spell library contained the following spells:

 Spells                   Type           Power      Damage    Failure   Level
 Ensorcelled Hibernation  Hex/Ice        0%         N/A       100%        2
 Passwall                 Tmut/Erth      0%         N/A       100%        2
 Swiftness                Air            0%         N/A       100%        3


Dungeon Overview and Level Annotations

Branches:
Dungeon (6/15)
 Temple: D:4-7

Altars:
Ashenzari
Gozag
Yredelemnul
Zin

Annotations:
D:2 exclusion: downstairs
D:3 Robin
D:5 Pikel
D:6 exclusion: hound


Innate Abilities, Weirdness & Mutations

You are immune to sickness and miasma.
Your stone body is resilient. (AC +5)
You are immune to poison.
You resist negative energy. (rN+)
You are resistant to electric shocks. (rElec)
You are resistant to unholy torment.
You are immune to petrification.


Message History

h - 38 arrows (gained 1)
An ogre comes into view. It is wielding a +0 giant spiked club.
An ogre is nearby!
The ogre shouts!
You see here a river rat corpse.
Unknown command.
Throw: 2 darts (poison)
Press: ? - help, Q - select action, (/) - cycle Shift-Dir - straight line, f - ogre
Aim: an ogre, wielding a +0 giant spiked club (72% to hit)
You throw a poisoned dart. The poisoned dart hits the ogre.
Throw: dart (poison)
Press: ? - help, Q - select action, (/) - cycle Shift-Dir - straight line, f/p - ogre
Aim: an ogre, wielding a +0 giant spiked club (72% to hit)
You throw a poisoned dart. The poisoned dart hits the ogre.
The ogre is poisoned.
b - a +0 shortbow (weapon)
Fire: 38 arrows
Press: ? - help, Q - select action, (/) - cycle Shift-Dir - straight line, f/p - ogre
Aim: an ogre, wielding a +0 giant spiked club (lightly wounded, poisoned, 72% to hit)
You shoot an arrow. The arrow hits the ogre!
The ogre is moderately wounded.
Fire: 37 arrows
Press: ? - help, Q - select action, (/) - cycle Shift-Dir - straight line, f/p - ogre
Aim: an ogre, wielding a +0 giant spiked club (moderately wounded, poisoned, 72% to hit)
You shoot an arrow. The arrow hits the ogre.
The ogre is heavily wounded.
a - a +0 war axe (weapon)
The ogre hits you with a +0 giant spiked club!
You closely miss the ogre.
The ogre is heavily wounded.
You hit the ogre.
The ogre is severely wounded.
The ogre hits you with a +0 giant spiked club!!
Ouch! That really hurt!
* * * LOW HITPOINT WARNING * * *
You hit the ogre. Your punch misses the ogre.
The ogre is almost dead.
The ogre looks more healthy.
The ogre hits you with a +0 giant spiked club!
You die...

#
#.#.##...........###......#...#
#
#.#.###.♣♣._.♣..#....#♣♣P##...#
# #.#.#####.♣♣♣♣###.####
♣P##♣... # #.#.##.### ###.###
.♣♣..... # #.#.##.## ..#
#.P..P..♣♣P. ###+#.#...##+###.#
.♣♣PP.♣.♣♣♣.
.................## ♣.P..P. ♣P
##...#####........## ♣♣♣♣.rP♣.♣
#<..# ##.....@..# ♣♣.... #...#
#......O.# .♣♣.P #...#
#.......(#♣♣ . .♣.. #...#
#.....†..(.♣♣♣ ♣...P♣ #...#
#..........♣.♣ ... .§♣ #...#
#..........(.♣ .. # §§ #####
######...##..♣.♣...§..§
#...##.....♣ §.#
######.♣♣.......


You could see an ogre.

Vanquished Creatures
  2 water moccasins
  2 black bears (D:6)
  2 ice beasts (D:6)
  A centaur (D:6)
  2 lemures
  A bullfrog (D:6)
  A scorpion (D:6)
  A water moccasin zombie (D:6)
  A howler monkey (D:6)
  A gnoll shaman (D:6)
  A bullfrog skeleton (D:6)
  A hound (D:6)
  A jelly (D:6)
  A killer bee zombie (D:6)
  A hound skeleton (D:5)
  5 adders
  3 river rats (D:5)
  2 white imps (D:6)
  2 worms
  A dart slug (D:1)
  5 orcs
  A bat (D:1)
  5 endoplasms
  A giant cockroach (D:1)
  6 hobgoblins
  2 kobolds (D:2)
  8 ball pythons
  4 frilled lizards
  8 goblins
  5 rats
  A spectral kobold (D:1)
78 creatures vanquished.

Vanquished Creatures (collateral kills)
  A hound (D:6)
1 creature vanquished.

Vanquished Creatures (others)
  A water moccasin (D:5)
  A hound (D:6)
  76 plants (D:5)
78 creatures vanquished.

Grand Total: 157 creatures vanquished

Notes
Turn   | Place    | Note
-------+----------+-------------------------------------------
     0 | D:1      | ragingrage the Gargoyle Artificer began the quest for the
                  | Orb.
     0 | D:1      | Reached XP level 1. HP: 12/12 MP: 1/1
    82 | D:1      | Found a faded altar of an unknown god.
   156 | D:1      | Reached XP level 2. HP: 9/17 MP: 2/2
  1485 | D:1      | Reached XP level 3. HP: 16/21 MP: 3/3
  2317 | D:3      | Noticed Robin
  2359 | D:3      | Found an opulent altar of Gozag.
  2709 | D:3      | Reached XP level 4. HP: 26/27 MP: 4/4
  2722 | D:3      | Reached skill level 1 in Axes
  2839 | D:3      | You fall into a shaft and drop 2 floors!
  2839 | D:5      | Entered Level 5 of the Dungeon
  2842 | D:5      | Noticed a lemure
  2843 | D:5      | Noticed Pikel
  2843 | D:5      | Noticed a lemure
  2854 | D:6      | Noticed a water moccasin
  2860 | D:6      | Reached skill level 2 in Axes
  2860 | D:6      | Reached XP level 5. HP: 24/31 MP: 5/5
  2866 | D:6      | Noticed an ice beast
  2911 | D:6      | Reached skill level 3 in Axes
  2911 | D:6      | Reached XP level 6. HP: 9/36 MP: 6/6
  2937 | D:6      | Killed a water moccasin
  2944 | D:6      | Killed an ice beast
  2945 | D:6      | Reached skill level 4 in Axes
  2945 | D:6      | Reached XP level 7. HP: 22/40 MP: 7/7
  3101 | D:6      | Found a broken altar of Ashenzari.
  3135 | D:6      | Reached skill level 5 in Evocations
  3148 | D:6      | Reached skill level 5 in Axes
  3600 | D:5      | Found a glowing silver altar of Zin.
  3860 | D:6      | Reached skill level 6 in Axes
  3860 | D:6      | Reached XP level 8. HP: 24/45 MP: 8/8
  4252 | D:6      | Reached skill level 7 in Axes
  4604 | D:5      | Found a basalt altar of Yredelemnul.
  4788 | D:5      | Slain by an ogre

Illustrated notes

Levels and vault maps discovered:
D:1:      minmay_arrival_four_houses, layout_loops_corners,
          dreamdust_ecumenical_altar_drowned_temple
D:2:      layout_basic
D:3:      layout_loops_cross, nicolae_gozag_cash_rules_everything_around_me,
          uniq_robin, uniq_sigmund, uniq_grinder
D:5:      wad_woods_stonehenge, layout_basic, zin_academy,
          minmay_temple_entry_stoned_glass, kennysheep_diamond, uniq_eustachio,
          uniq_pikel
D:6:      layout_loops_ring, amcnicky_altar_gilded

Skill      XL: |  1  2  3  4  5  6  7  8 |
---------------+-------------------------+-----
Evocations     | 3 4 5 |  5.0
Fighting       | 2 |  2.7
Axes           | 2 3 4 6 7 |  7.5
Armour         | |  2.1
Dodging        | |  0.7
Stealth        | |  1.1

Action                   |  1- 3 |  4- 6 |  7- 9 || total
-------------------------+-------+-------+-------++-------
Melee: Club              |    85 |       |       ||    85
       Falchion          |    56 |       |       ||    56
       War axe           |    23 |    66 |   146 ||   235
       Punch             |       |     1 |       ||     1
 Fire: Hunting sling     |       |     8 |       ||     8
       Shortbow          |       |       |    12 ||    12
Throw: Dart              |       |       |     2 ||     2
Evoke: Wand              |     1 |     9 |     2 ||    12
  Use: Scroll            |       |     1 |     2 ||     3
       Potion            |       |     7 |       ||     7
 Stab: Sleeping          |     1 |       |       ||     1
Armor: Leather armour    |    13 |       |       ||    13
       Chain mail        |   101 |    96 |   118 ||   315
Dodge: Dodged            |    87 |    64 |    67 ||   218

Table legend: (Time is in decaauts)
 A = Elapsed time spent in this place.
 B = Non-inter-level travel time spent in this place.
 C = Inter-level travel time spent in this place.
 D = Time resting spent in this place.
 E = Time spent auto-exploring this place.
 F = Levels seen in this place.
 G = Mean time per level.
                   A        B        C        D        E       F      G
               +--------+--------+--------+--------+--------+-----+--------+
         Total |   4882 |   4673 |    209 |   1802 |   1766 |   5 |  976.4 |
       Dungeon |   4882 |   4673 |    209 |   1802 |   1766 |   5 |  976.4 |
               +--------+--------+--------+--------+--------+-----+--------+

Top non-repeatable levels by time:
     D:1: 1823 daAuts
     D:6: 1302 daAuts
     D:5: 669 daAuts
     D:2: 584 daAuts
     D:3: 502 daAuts
